 Dungeon Crawl Stone Soup version 0.22-a0-284-g99d1f7439c (webtiles) character file.

86571 Infinimo the Executioner (level 15, -4/211 HPs)
             Began as a Minotaur Berserker on Mar 22, 2018.
             Was the Champion of Trog.
             Slain by an orc warlord
             ... wielding a +1 halberd of distortion
              (11 damage)
             ... on level 1 of the Orcish Mines.
             The game lasted 00:45:25 (24543 turns).

Infinimo the Executioner (Minotaur Berserker)      Turns: 24543, Time: 00:45:25

Health: -4/211     AC: 28    Str: 33    XL:     15   Next: 41%
Magic:  4/4        EV: 10    Int:  4    God:    Trog [******]
Gold:   1682       SH:  0    Dex: 14    Spells: 14/14 levels left

rFire    + + +     SeeInvis .   F - +4 executioner's axe (antimagic)
rCold    . . .     Gourm    +   (shield currently unavailable)
rNeg     . . .     Faith    .   E - +4 plate armour {rF+}
rPois    +         Spirit   .   H - +2 hat of Leafaysm {*Drain rF+ Dex+8 Stlth+}
rElec    .         Reflect  .   (no cloak)
rCorr    .         Harm     .   D - +0 pair of gloves
MR       +....                  C - +2 pair of boots
Stlth    ..........             w - amulet of the gourmand
HPRegen  0.45/turn              s - ring of poison resistance
MPRegen  0.09/turn              I - ring of protection from fire

@: berserking, very quick
A: retaliatory headbutt, horns 2, clumsy 2
a: Berserk, Trog's Hand, Brothers in Arms, Renounce Religion


You were on level 1 of the Orcish Mines.
You worshipped Trog.
Trog was exalted by your worship.
You were not hungry.

You visited 4 branches of the dungeon, and saw 20 of its levels.
You visited the Abyss 2 times.
You also visited: Ice Cave.

You collected 1682 gold pieces.

Inventory:

Hand Weapons
 F - a +4 antimagic executioner's axe (weapon)
 N - a +1 executioner's axe of freezing
 O - a +2 demon trident of venom
 Q - a +2 demon whip of venom
Armour
 C - a +2 pair of boots (worn)
 D - a +0 pair of gloves (worn)
 E - a +4 plate armour of fire resistance (worn)
 H - the +2 hat of Leafaysm (worn) {*Drain rF+ Dex+8 Stlth+}
   (You found it on level 6 of the Lair of Beasts)

   It affects your dexterity (+8).
   It protects you from fire.
   It causes draining when unequipped.
   It makes you more stealthy.
Jewellery
 p - an uncursed ring of protection from magic
 s - a ring of poison resistance (left hand)
 w - an amulet of the gourmand (around neck)
 I - a ring of protection from fire (right hand)
Wands
 a - a wand of acid (14)
 t - a wand of clouds (7)
 x - a wand of disintegration (17)
 J - a wand of scattershot (2)
 M - a wand of iceblast (9)
Scrolls
 b - 2 scrolls of fog
 d - a scroll of summoning
 e - 4 scrolls of remove curse
 h - a scroll of enchant armour
 i - 6 scrolls of teleportation
 o - 5 scrolls of magic mapping
 y - 3 scrolls of enchant weapon
 B - 10 scrolls of identify
 G - a scroll of blinking
 L - a scroll of fear
 P - a scroll of acquirement {unknown}
Potions
 f - 2 potions of agility
 g - a potion of resistance
 j - 4 potions of haste
 k - a potion of invisibility
 l - 4 potions of berserk rage
 m - 4 potions of brilliance
 n - 6 potions of curing
 q - 3 potions of mutation
 r - 3 potions of might
 u - 9 potions of degeneration
 v - 4 potions of flight
 z - 7 potions of lignification
 A - 3 potions of magic
Comestibles
 c - 38 rations


   Skills:
 + Level 15.6 Fighting
 * Level 22.2 Axes
 + Level 15.4 Armour
 - Level 2.1 Dodging


You had 14 spell levels left.
You didn't know any spells.

Dungeon Overview and Level Annotations

Branches:
Dungeon (12/15)            Temple (1/1) D:7            Lair (6/6) D:11
  Swamp (0/4) Lair:2       Spider (0/4) Lair:2        Slime (0/5) Lair:5
    Orc (1/2) D:12

Altars:
Dithmenos
Elyvilon
Fedhas
Kikubaaqudgha
Makhleb
Nemelex Xobeh
Okawaru
Trog
Uskayaw
Vehumet
Yredelemnul
The Shining One
Beogh


Innate Abilities, Weirdness & Mutations

You reflexively headbutt those who attack you in melee.
You have a pair of horns on your head.
You are very clumsy. (Dex -4)


Message History

The angel's magic leaks into the air.
You headbutt the angel, but do no damage.
The angel is heavily wounded.
You hear a bark! x2
You cut the angel into ribbons!!!
The angel's magic leaks into the air.
The angel is almost dead.
You hear a bellow!
You hear a hideous shriek!
You kill the angel!
Trog accepts your kill.
You feel the corruption within you wane completely.
Your body's shape seems more normal.
Your urge to yell lessens.
Your urge to shout disappears.
The substance of the Abyss twists violently, and a gateway leading out appears!
You pass through the gate.
Welcome back to the Orcish Mines!
You feel a strong urge to attack something.
The orc warlord hits you with a halberd of distortion!!
* * * LOW HITPOINT WARNING * * *
Space warps horribly around you!
You die...

#.(.# ##[##
##########.###########
#.....[.)[[...>..##...
#....(<$[[...........#
###..[).[.......#..... .
##.#(..#.....#....##..##..
#..................#....
##.##.....@........#..#
####......o...........##
##.###..............#...##
#...##.#.................#
##.##...................##
##.##...................##
#..................#[....#
##.##.....#..............#
##.####...##.#.......[_..#


You could see an orc warlord.

Vanquished Creatures
  2 bone dragons
  A tentacled starspawn (Abyss:3)
  A balrug (Abyss:2)
  An angel (Abyss:3)
  Nessos (Lair:6)
  A dire elephant (Lair:2)
  Snorg (Lair:4)
  Erolcha (D:10)
  A naga warrior (Abyss:2)
  A two-headed ogre (D:12)
  3 catoblepae (Lair:6)
  7 death yaks (Lair:6)
  3 thrashing horrors (Abyss:3)
  Urug (Lair:2)
  A shock serpent (shapeshifter) (Abyss:3)
  Nergalle (Lair:4)
  A wretched star (Abyss:3)
  2 unseen horrors
  A glowing orange brain (shapeshifter) (Abyss:2)
  The ghost of Pylon the Cruncher, a novice DDGl of Makhleb (D:5)
  3 ugly things
  2 orc knights
  An oklob plant (Lair:3)
  An orb spider (Lair:2)
  2 orc sorcerers
  2 cyclopes
  5 manticores
  3 elephants (Lair:6)
  Psyche (D:11)
  An eye of devastation (Lair:5)
  A centaur zombie (D:12)
  An orange demon (Abyss:2)
  A guardian serpent (Abyss:2)
  2 ice statues (IceCv)
  A smoke demon (Abyss:2)
  8 black mambas
  2 gargoyles
  A torpor snail (Lair:6)
  8 spiny frogs
  4 rime drakes
  A kobold demonologist (D:12)
  3 komodo dragons
  7 ice devils (IceCv)
  A hellwing (Abyss:2)
  3 freezing wraiths
  An ancient zyme (Abyss:3)
  An efreet (D:9)
  A tyrant leech (Lair:2)
  A troll (Orc:1)
  5 polar bears
  9 blink frogs
  5 slime creatures (D:12)
  6 large abominations
  An ice dragon zombie (Abyss:2)
  8 dream sheep
  10 hippogriffs
  A meliai zombie (D:11)
  A shadow (D:11)
  A centaur simulacrum (D:12)
  A ynoxinul (Abyss:3)
  A water elemental (D:12)
  An ice dragon skeleton (Abyss:3)
  A small abomination (Abyss:2)
  A wraith (Abyss:2)
  2 basilisks (D:11)
  A neqoxec (Abyss:3)
  73 yaks
  3 vampire mosquitoes (D:12)
  A steam dragon (Lair:5)
  Menkaure (D:6)
  A swamp worm (Lair:2)
  An acid dragon (Lair:5)
  A soldier ant (D:12)
  2 wargs (Orc:1)
  8 water moccasins
  23 orc warriors
  6 porcupines
  A black bear (D:11)
  A meliai simulacrum (D:12)
  A swamp drake (Lair:5)
  5 ice beasts
  7 sky beasts
  A necrophage (D:7)
  2 phantoms
  5 eyes of draining
  18 wolves
  7 ogres
  11 centaurs
  11 crocodiles
  3 big kobolds
  14 bullfrogs
  A wyvern zombie (D:10)
  A gnoll sergeant (D:9)
  A wyvern skeleton (D:11)
  15 killer bees
  4 scorpions
  8 wights (D:7)
  3 electric eels
  4 howler monkeys
  2 bullfrog zombies
  6 crimson imps
  3 quasits
  5 hounds
  A gnoll shaman (D:7)
  2 jellies
  21 orc priests
  24 orc wizards
  An iron imp (Abyss:2)
  2 centaur skeletons
  5 iguanas
  Natasha (thrice) (D:4)
  2 bullfrog skeletons
  12 worker ants
  3 bullfrog simulacra (D:12)
  A hound skeleton (D:8)
  Robin (D:3)
  2 worker ant zombies (D:10)
  14 gnolls
  A howler monkey skeleton (D:10)
  9 adders
  4 shadow imps
  16 white imps
  9 ufetubi
  2 oozes
  An adder skeleton (D:7)
  4 worms
  3 dart slugs
  5 leopard geckos
  90 orcs
  4 giant cockroaches
  15 goblins
  7 hobgoblins
  7 jackals
  18 kobolds
  6 quokkas
  5 ball pythons
  12 bats
  2 frilled lizards
  A jackal skeleton (D:6)
  A leopard gecko skeleton (D:4)
  7 rats
  4 bushes (Lair:3)
  6 fungi
  6 plants
755 creatures vanquished.

Vanquished Creatures (collateral kills)
  4 hydras
  A black mamba (Lair:4)
  3 blink frogs (Lair:4)
  A wyvern (Lair:4)
9 creatures vanquished.

Vanquished Creatures (others)
  A reaper (IceCv)
  A phantom (D:9)
  A gnoll (Orc:1)
  A white imp (IceCv)
  3 ufetubi (IceCv)
  A bush (Lair:2)
  9 fungi
  8 plants
  2 starspawn tentacles (Abyss:3)
  11 toadstools (Lair:2)
38 creatures vanquished.

Grand Total: 802 creatures vanquished

Notes
Turn   | Place    | Note
-------+----------+-------------------------------------------
     0 | D:1      | Infinimo the Minotaur Berserker began the quest for the Orb.
     0 | D:1      | Reached XP level 1. HP: 19/19 MP: 0/0
    49 | D:1      | Reached skill level 4 in Axes
   234 | D:1      | Reached XP level 2. HP: 26/26 MP: 1/1
   638 | D:2      | Reached skill level 5 in Axes
   659 | D:2      | Reached XP level 3. HP: 19/31 MP: 2/2
   662 | D:2      | Reached ** piety under Trog
  1608 | D:2      | Reached skill level 6 in Axes
  1608 | D:2      | Reached XP level 4. HP: 38/39 MP: 3/3
  1746 | D:2      | Found a hide-covered altar of Uskayaw.
  1852 | D:3      | Noticed Robin
  1863 | D:3      | Reached *** piety under Trog
  1871 | D:3      | Killed Robin
  1882 | D:3      | Reached XP level 5. HP: 19/45 MP: 4/4
  1989 | D:3      | Reached skill level 7 in Axes
  2271 | D:3      | Found a glowing golden altar of the Shining One.
  2634 | D:4      | Noticed an ogre
  2642 | D:4      | Killed an ogre
  2642 | D:4      | Reached skill level 8 in Axes
  2642 | D:4      | Reached XP level 6. HP: 51/51 MP: 5/5
  2686 | D:4      | Noticed Natasha
  2693 | D:4      | Killed Natasha
  2694 | D:4      | Reached **** piety under Trog
  2695 | D:4      | Reached skill level 9 in Axes
  2825 | D:4      | Found a burning altar of Makhleb.
  2828 | D:4      | Found a shadowy altar of Dithmenos.
  2856 | D:4      | Found an ancient bone altar of Kikubaaqudgha.
  2913 | D:4      | Noticed Natasha
  2917 | D:4      | Killed Natasha
  2977 | D:5      | Entered Level 5 of the Dungeon
  3195 | D:5      | Reached XP level 7. HP: 57/57 MP: 6/6
  3306 | D:5      | Reached skill level 10 in Axes
  3457 | D:4      | Noticed Natasha
  3515 | D:5      | Reached skill level 11 in Axes
  3584 | D:4      | Killed Natasha
  3776 | D:5      | Found a basalt altar of Yredelemnul.
  3776 | D:5      | Noticed Pylon's ghost (novice DDGl)
  3810 | D:5      | Killed Pylon's ghost
  3810 | D:5      | Reached skill level 12 in Axes
  3810 | D:5      | Reached XP level 8. HP: 64/64 MP: 7/7
  4353 | D:6      | Reached skill level 13 in Axes
  4780 | D:6      | Reached ***** piety under Trog
  4781 | D:6      | Noticed Menkaure
  4797 | D:6      | Killed Menkaure
  4954 | D:6      | Found a radiant altar of Vehumet.
  4960 | D:6      | Reached XP level 9. HP: 59/70 MP: 8/8
  5166 | D:7      | Reached skill level 14 in Axes
  5194 | D:7      | Found a staircase to the Ecumenical Temple.
  5207 | Temple   | Entered the Ecumenical Temple
  5637 | D:7      | Reached skill level 15 in Axes
  6261 | D:7      | Found a blossoming altar of Fedhas.
  6371 | D:8      | Reached skill level 16 in Axes
  6612 | D:8      | Reached XP level 10. HP: 79/79 MP: 9/9
  6897 | D:8      | Received a gift from Trog
  7190 | D:8      | Got an iridescent hand axe
  7191 | D:8      | Identified the +8 hand axe "Keep" {venom, Int+2} (You found it on level 8 of the Dungeon)
  7266 | D:9      | Reached skill level 5 in Fighting
  7521 | D:9      | Reached skill level 5 in Armour
  8482 | D:9      | Noticed a brown ugly thing
  8482 | D:9      | Noticed a purple ugly thing
  8486 | D:9      | Killed a brown ugly thing
  8492 | D:9      | Killed an unseen horror
  8495 | D:9      | Killed a purple ugly thing
  8519 | D:9      | Identified the Guide on the Voyage and the Blaze
  8534 | D:9      | Identified the Papyrus of the Volcanoes and Beguiling
  8537 | D:9      | Identified the Papyrus of Flamy Ice
  8621 | D:9      | Reached skill level 17 in Axes
  8621 | D:9      | Reached XP level 11. HP: 93/93 MP: 3/10
  8851 | D:9      | Found a bloodstained altar of Trog.
  8867 | D:9      | Got a steaming ring mail
  8878 | D:9      | Identified the +0 ring mail "Muzokk" {Str+4 Dex-5} (You found it on level 9 of the Dungeon)
  8923 | D:10     | Entered Level 10 of the Dungeon
  9222 | D:10     | Reached ****** piety under Trog
  9540 | D:10     | Noticed Erolcha
  9545 | D:10     | Killed Erolcha
  9594 | D:10     | Found an iron altar of Okawaru.
  9613 | D:10     | Got a transparent hand axe
  9614 | D:10     | Identified the +3 hand axe of Doom {drain, Str+4} (You found it on level 10 of the Dungeon)
  9715 | D:11     | Received a gift from Trog
  9999 | D:11     | Noticed Psyche
 10002 | D:11     | Killed Psyche
 10211 | D:11     | Reached skill level 10 in Fighting
 10224 | D:11     | Killed an unseen horror
 10224 | D:11     | Reached XP level 12. HP: 54/106 MP: 3/11
 10272 | D:11     | Reached skill level 18 in Axes
 10272 | D:11     | Reached skill level 10 in Armour
 10679 | D:11     | Found a staircase to the Lair.
 10942 | Lair:1   | Entered Level 1 of the Lair of Beasts
 11016 | Lair:1   | You fall through a shaft!
 11088 | Lair:2   | Noticed a four-headed hydra
 11112 | Lair:2   | Killed a four-headed hydra
 11321 | Lair:2   | Found a staircase to the Swamp.
 11860 | Lair:2   | Found a runed door.
 12042 | Lair:2   | Found a hole to the Spider Nest.
 12210 | Lair:2   | Noticed Urug
 12216 | Lair:2   | Killed Urug
 12434 | Lair:2   | Noticed a six-headed hydra
 12446 | Lair:2   | Killed a seven-headed hydra
 12758 | Lair:2   | Noticed a dire elephant
 13066 | Lair:2   | Killed a dire elephant
 13285 | Lair:3   | Received a gift from Trog
 13683 | Lair:3   | Reached XP level 13. HP: 116/119 MP: 4/12
 14207 | Lair:3   | Reached skill level 19 in Axes
 14868 | Lair:4   | Noticed Nergalle
 14874 | Lair:4   | Killed Nergalle
 15478 | Lair:4   | Noticed Nessos
 15479 | Lair:4   | Noticed Snorg
 15496 | Lair:4   | Killed Snorg
 16051 | Lair:5   | Found a staircase to the Slime Pits.
 16167 | Lair:5   | Received a gift from Trog
 17642 | Lair:6   | Entered Level 6 of the Lair of Beasts
 17946 | Lair:6   | Reached skill level 20 in Axes
 18373 | Lair:6   | Got an ancient hat
 18388 | Lair:6   | Identified the +2 hat of Leafaysm {*Drain rF+ Dex+8 Stlth+} (You found it on level 6 of the Lair of Beasts)
 18405 | Lair:6   | Reached XP level 14. HP: 100/130 MP: 4/13
 18556 | Lair:6   | Killed Nessos
 19920 | D:12     | Received a gift from Trog
 19949 | D:12     | Found a staircase to the Orcish Mines.
 20072 | D:12     | Found a frozen archway.
 20114 | IceCv    | Entered an ice cave
 20244 | IceCv    | Reached skill level 21 in Axes
 20712 | IceCv    | Killed a reaper
 22246 | D:12     | Received a gift from Trog
 22569 | Orc:1    | Entered Level 1 of the Orcish Mines
 22910 | Orc:1    | Found a radiant altar of Vehumet.
 23210 | Orc:1    | Noticed an orc warlord
 23500 | Orc:1    | Found a roughly hewn altar of Beogh.
 23503 | Orc:1    | Paralysed by an orc sorcerer for 7 turns
 23507 | Orc:1    | Cast into level 2 of the Abyss (orc warlord)
 23564 | Abyss:2  | Reached skill level 15 in Fighting
 23604 | Abyss:2  | Noticed a bone dragon
 23615 | Abyss:2  | Killed a bone dragon
 23647 | Abyss:2  | Paralysed by an orc sorcerer for 6 turns
 23656 | Abyss:2  | Reached XP level 15. HP: 52/141 MP: 4/14
 23701 | Abyss:2  | HP: 5/141 [titan zombie (23)]
 23768 | Abyss:2  | HP: 7/141 [freezing wraith[a death knight] (23)]
 23993 | Abyss:2  | Reached skill level 15 in Armour
 24049 | Orc:1    | Escaped the Abyss
 24275 | Orc:1    | Received a gift from Trog
 24284 | Orc:1    | Cast into level 3 of the Abyss (orc warlord)
 24377 | Abyss:3  | Noticed a tentacled starspawn
 24383 | Abyss:3  | Killed a tentacled starspawn
 24424 | Abyss:3  | Gained mutation: You are clumsy. (Dex -2) [a neqoxec]
 24426 | Abyss:3  | Noticed a bone dragon
 24443 | Abyss:3  | Killed a bone dragon
 24443 | Abyss:3  | Reached skill level 22 in Axes
 24462 | Abyss:3  | Gained mutation: You are very clumsy. (Dex -4) [a neqoxec]
 24543 | Orc:1    | Escaped the Abyss
 24543 | Orc:1    | HP: 7/211 [orc warlord/halberd of distortion (18)]
 24543 | Orc:1    | Slain by an orc warlord

Vault maps used:
D:1:      matt_arrival_spirals, hangedman_decor_slide_cut, st_stairs_1
D:2:      lemuel_coloured_pillars_altar, serial_curves, eino_curves_01,
          eino_curves_03, serial_bayou_lagoon_a, minmay_misc_feat_enclosed,
          feat_on_display
D:3:      st_stairs_9, tso_altar, uniq_robin
D:4:      nicolae_overflow_hidden_temple, nrook_mini_vaults, uniq_natasha
D:5:      old_standard_altar, first_ration
D:6:      lemuel_round_altar, kennysheep_generic_room_14, uniq_menkaure
D:7:      lemuel_round_altar, minmay_temple_entry_butterflies
D:9:      minmay_the_grid_octo_2x2, lightli_temple_of_fire, eino_jars
D:10:     blue_anna_alchemist, okawaru_ov_weapons_minmay, uniq_erolcha
D:11:     grunt_lair_entry_orc_guard_hut, grunt_ministairs_9, uniq_psyche
D:12:     hiddenorc2_lemuel, serial_ice, serial_ice_i, serial_ice_o,
          serial_ice_a, serial_ice_g, serial_ice_e, serial_ice_n, serial_ice_f,
          serial_ice_c, portal_ice_cave_rime
Temple:   dpeg_chambers_temple
Lair:2:   gammafunk_lair_enchanted_lake, minmay_swamp_entry_worms,
          nicolae_spider_entry_orb_guardian, serial_forest,
          infiniplex_forest_lined_1, infiniplex_forest_clump_double,
          infiniplex_forest_clump_diagonal, infiniplex_forest_fountain,
          infiniplex_forest_clump_tiny, infiniplex_forest_clump_curved,
          uniq_urug
Lair:3:   minmay_lair_oklob_bushes, grunt_megastairs_4
Lair:4:   gammafunk_lair_bear_cave, uniq_nessos, uniq_nergalle, uniq_snorg
Lair:5:   minmay_slime_entry_eyes, guppyfry_lair_drakes, grunt_megastairs_2
Lair:6:   evilmike_catoblepas_cave
Orc:1:    orc_temple, basic_altar, guppyfry_library_mini
Abyss:3:  due_exit_kobolds, grunt_abyss_rune_wretched_hive,
          evilmike_abyss_exit_vortex
IceCv:    ice_cave_small_demon

Skill      XL: |  1  2  3  4  5  6  7  8  9 10 11 12 13 14 15 |
---------------+----------------------------------------------+-----
Axes           | 4 5 6 8 9 12 13 16 17 18 20 21 22 | 22.2
Fighting       | 4 7 10 12 13 15 | 15.6
Armour         | 3 7 9 12 13 14 15 | 15.4
Dodging        | |  2.1

Action                   |  1- 3 |  4- 6 |  7- 9 | 10-12 | 13-15 || total
-------------------------+-------+-------+-------+-------+-------++-------
Melee: Hand axe          |    96 |   122 |   104 |       |       ||   322
       Headbutt          |    12 |    16 |    46 |   101 |   206 ||   381
       Unarmed           |       |       |     5 |       |       ||     5
       Battleaxe         |       |       |   175 |    47 |       ||   222
       Executioner's axe |       |       |       |   483 |   720 ||  1203
Invok: Berserk           |       |     4 |     8 |    10 |    14 ||    36
       Brothers in Arms  |       |       |       |     2 |     2 ||     4
Evoke: Wand              |       |       |       |       |     1 ||     1
       Phantom mirror    |       |       |       |       |     1 ||     1
  Use: Scroll            |     3 |     8 |    11 |    11 |     6 ||    39
       Potion            |       |       |       |       |     9 ||     9
 Stab: Sleeping          |       |     1 |       |       |       ||     1
       Petrified         |       |       |       |       |     5 ||     5
       Petrifying        |       |       |       |       |     1 ||     1
  Eat: Chunk             |     2 |     8 |    11 |    24 |    50 ||    95
       Ration            |       |       |     2 |     3 |     2 ||     7
Armor: Animal skin       |    23 |     7 |       |       |       ||    30
       Scale mail        |       |     7 |       |       |       ||     7
       Plate armour      |       |     2 |   129 |   446 |   494 ||  1071
       Skin              |       |       |     4 |       |       ||     4
Dodge: Dodged            |    67 |    56 |    77 |   235 |   306 ||   741

Table legend:
 A = Spawn XP
 B = Non-spawn XP
 C = Spawn XP percentage of total XP
 D = Spawn monster count
 E = Non-spawn monster count
 F = Spawn count percentage of total count
 G = Total turns spent on level
                    A         B        C        D         E        F      G
               +---------+---------+-------+---------+---------+-------+---------
         Total |   23558 |  100115 |  19.0 |      33 |     716 |   4.4 | 24543
               +---------+---------+-------+---------+---------+-------+---------
           D:1 |       0 |      33 |   0.0 |       0 |      19 |   0.0 |   632
           D:2 |       0 |      92 |   0.0 |       0 |      29 |   0.0 |  1165
           D:3 |       0 |     187 |   0.0 |       0 |      36 |   0.0 |   699
           D:4 |       0 |     395 |   0.0 |       0 |      18 |   0.0 |   773
           D:5 |       0 |    1354 |   0.0 |       0 |      27 |   0.0 |   844
           D:6 |       0 |     845 |   0.0 |       0 |      20 |   0.0 |  1033
           D:7 |       0 |    1770 |   0.0 |       0 |      38 |   0.0 |  1137
           D:8 |       0 |    1549 |   0.0 |       0 |      29 |   0.0 |   935
           D:9 |       0 |    6954 |   0.0 |       0 |      57 |   0.0 |  1703
          D:10 |       0 |    3048 |   0.0 |       0 |      42 |   0.0 |   969
          D:11 |       0 |    7191 |   0.0 |       0 |      49 |   0.0 |  1083
          D:12 |       0 |   13222 |   0.0 |       0 |      97 |   0.0 |  2041
        Lair:1 |       0 |    1544 |   0.0 |       0 |       7 |   0.0 |   561
        Lair:2 |       0 |    9457 |   0.0 |       0 |      30 |   0.0 |  2234
        Lair:3 |       0 |    6217 |   0.0 |       0 |      33 |   0.0 |  1789
        Lair:4 |       0 |    7860 |   0.0 |       0 |      30 |   0.0 |  1093
        Lair:5 |       0 |    5901 |   0.0 |       0 |      27 |   0.0 |  1610
        Lair:6 |       0 |   21635 |   0.0 |       0 |      51 |   0.0 |  1511
         Orc:1 |       0 |    5281 |   0.0 |       0 |      49 |   0.0 |   565
       Abyss:2 |    9901 |    2157 |  82.1 |      18 |       3 |  85.7 |   542
       Abyss:3 |   13657 |       0 | 100.0 |      15 |       0 | 100.0 |   259
         IceCv |       0 |    3423 |   0.0 |       0 |      25 |   0.0 |  1363
               +---------+---------+-------+---------+---------+-------+---------
